 Dungeon Crawl Stone Soup version 0.27-a0-223-ge082b6e869 (webtiles) character file.

Game seed: 16505105831592322179

665 KristoblXynda the Slasher (level 7, -7/59 HPs)
             Began as a Green Draconian Fighter on Feb 1, 2021.
             Was an Initiate of Cheibriados.
             Mangled by an ogre
             ... wielding a +0 giant club
              (23 damage)
             ... on level 4 of the Dungeon.
             The game lasted 00:04:38 (4332 turns).

KristoblXynda the Slasher (Green Draconian Fighter) Turns: 4332, Time: 00:04:38

Health: -7/59      AC:  7    Str: 20    XL:     7   Next: 31%
Magic:  7/7        EV: 11    Int: 11    God:    Cheibriados [......]
Gold:   183        SH: 10    Dex: 11    Spells: 6/6 levels left

rFire    . . .     SeeInvis .   l - +0 short sword (venom)
rCold    . . .     Faith    .   b - +0 kite shield
rNeg     . . .     Spirit   .   (armour unavailable)
rPois    +         Reflect  .   (helmet restricted)
rElec    .         Harm     .   (no cloak)
rCorr    .         Rampage  .   (no gloves)
Will     .....                  q - +0 pair of boots
Stlth    +.........             n - amulet of magic regeneration
HPRegen  0.19/turn              (no ring)
MPRegen  0.35/turn              (no ring)

@: very slow
A: breathe noxious fumes, unfitting armour, poison resistance, cold-blooded, AC
+6
a: Breathe Noxious Fumes, Renounce Religion, Bend Time


You were on level 4 of the Dungeon.
You worshipped Cheibriados.
Cheibriados was noncommittal.
You visited 2 branches of the dungeon, and saw 5 of its levels.

You collected 183 gold pieces.

Inventory:

Hand Weapons
 a - a +0 long sword
 l - a +0 short sword of venom (weapon)
Armour
 b - a +0 kite shield (worn)
 q - a +0 pair of boots (worn)
Jewellery
 n - an amulet of magic regeneration (around neck)
Scrolls
 d - 2 scrolls of amnesia {unknown}
 e - 4 scrolls of teleportation
 f - a scroll of enchant armour {unknown}
 h - a scroll of noise {unknown}
 j - a scroll of fog {unknown}
 k - 2 scrolls of remove curse {unknown}
Potions
 c - 2 potions of might
 g - a potion of invisibility
 i - a potion of ambrosia {unknown}
 m - 2 potions of magic
 o - a potion of lignification {unknown}
 p - 2 potions of haste {unknown}
 r - 2 potions of heal wounds


   Skills:
 - Level 4.0 Fighting
 + Level 5.5 Long Blades
 + Level 4.4 Dodging
 + Level 5.0 Shields
 + Level 0.0 Invocations


You had 6 spell levels left.
You didn't know any spells.
Your spell library was empty.

Dungeon Overview and Level Annotations

Branches:
Dungeon (4/15)             Temple (1/1) D:4

Altars:
Ashenzari
Cheibriados
Dithmenos
Elyvilon
Fedhas
Gozag
Hepliaklqana
Kikubaaqudgha
Makhleb
Nemelex Xobeh
Qazlal
Ru
Trog
Vehumet
Wu Jian
Xom
Yredelemnul
Zin
The Shining One


Innate Abilities, Weirdness & Mutations

You can breathe blasts of noxious fumes.
Your lurid green scales are hard. (AC +6)
You cannot fit into any form of body armour.
Your system is resistant to poisons. (rPois)
You are cold-blooded and may be slowed by cold attacks.


Message History

There is a staircase back to the Dungeon here.
You climb upwards.
Welcome back to the Dungeon!
There is a staircase to the Ecumenical Temple here.
You hit the ogre.
The ogre is lightly wounded.
The ogre hits you with a +0 giant club!!
Ouch! That really hurt!
You hear an angry hiss.
You hit the ogre but do no damage.
The ogre is poisoned.
The ogre is lightly wounded.
The ogre hits you with a +0 giant club!
* * * LOW HITPOINT WARNING * * *
A leopard gecko comes into view.
You hit the ogre.
The ogre looks even sicker.
Your tail-slap misses the ogre.
The ogre is moderately wounded.
The ogre closely misses you.
You hit the ogre.
The ogre looks as sick as possible!
The ogre is moderately wounded.
The ogre hits you with a +0 giant club!!
You die...

. .. .# ....#.# .#....
..#.# # # ## ###.# .#..
...###.l.##....
#........#.....O..#...#
#..........##..@..##...#
#...........#........#..
+...........##...###...#
#............#.###.....#
#............#.#.......#
#...)..>...............+
#.)...........#........#
######.................#
#..........#'###.##


You could see an ogre (extremely poisoned) and a leopard gecko.

Vanquished Creatures
  Duvessa (D:4)
  A centaur (D:3)
  A bullfrog (D:3)
  Dowan (D:4)
  A jelly (D:1)
  A bullfrog skeleton (D:4)
  An iguana (D:4)
  3 orc wizards (D:4)
  10 adders
  4 oozes (D:1)
  2 worms
  A dart slug (D:1)
  5 leopard geckos
  9 orcs
  9 giant cockroaches
  6 hobgoblins
  6 jackals (D:1)
  3 quokkas (D:2)
  A ball python (D:3)
  6 bats
  4 frilled lizards
  9 goblins
  6 kobolds
  14 rats
105 creatures vanquished.

Notes
Turn   | Place    | Note
-------+----------+-------------------------------------------
     0 | D:1      | KristoblXynda the Draconian Fighter began the quest for the
                  | Orb.
     0 | D:1      | Reached XP level 1. HP: 19/19 MP: 1/1
     0 | D:1      | Noticed a jelly
     1 | D:1      | Found a runed translucent door.
   405 | D:1      | Reached XP level 2. HP: 24/26 MP: 2/2
  1196 | D:1      | Reached XP level 3. HP: 31/31 MP: 3/3
  1469 | D:1      | Reached XP level 4. HP: 35/40 MP: 4/4
  2044 | D:2      | Reached XP level 5. HP: 46/46 MP: 5/5
  2715 | D:3      | Found a broken altar of Ashenzari.
  2865 | D:3      | Reached XP level 6. HP: 42/52 MP: 6/6
  3772 | D:4      | Reached skill level 5 in Long Blades
  3852 | D:4      | Your scales start taking on a lurid green colour.
  3852 | D:4      | Reached XP level 7. HP: 49/59 MP: 7/7
  3852 | D:4      | Gained mutation: Your system is resistant to poisons.
                  | (rPois) [Green Draconian growth]
  4012 | D:4      | Found a glowing silver altar of Zin.
  4012 | D:4      | Found a glowing golden altar of the Shining One.
  4013 | D:4      | Found a white marble altar of Elyvilon.
  4056 | D:4      | Noticed Duvessa
  4056 | D:4      | Noticed Dowan
  4070 | D:4      | Killed Duvessa
  4076 | D:4      | Killed Dowan
  4077 | D:4      | Reached skill level 5 in Shields
  4105 | D:4      | Found a staircase to the Ecumenical Temple.
  4115 | Temple   | Entered the Ecumenical Temple
  4153 | Temple   | Became a worshipper of Cheibriados the Contemplative
  4332 | D:4      | Mangled by an ogre

Illustrated notes

Levels and vault maps discovered:
D:1:      dpeg_arrival_caged_fury, layout_loops_ring, grunt_decor_one_mirror,
          minmay_crystal_room, kennysheep_boxes
D:2:      layout_loops_cross, skrybe_limestone_x
D:3:      layout_basic, cheibrodos_ashenzari_chains
D:4:      layout_basic, good_gods_mini_temple, minmay_temple_entry_slanted,
          chequers_serial_rivers_marsh, uniq_duvessa, uniq_blork_the_orc
Temple:   regret_index_temple_generic_petals

Skill      XL: |  1  2  3  4  5  6  7 |
---------------+----------------------+-----
Dodging        | 3 4 |  4.4
Fighting       | 4 |  4.0
Long Blades    | 3 4 5 |  5.5
Shields        | 4 5 |  5.0

Action                   |  1- 3 |  4- 6 |  7- 9 || total
-------------------------+-------+-------+-------++-------
Melee: Long sword        |    38 |       |       ||    38
       Tailslap          |    13 |    22 |     6 ||    41
       Short sword       |    53 |   206 |    24 ||   283
 Abil: Breathe Noxious F |       |       |     1 ||     1
  Use: Scroll            |       |     4 |       ||     4
 Stab: Sleeping          |       |     2 |       ||     2
       Confused          |       |       |     1 ||     1
Armor: Skin              |    32 |    56 |     1 ||    89
Dodge: Dodged            |    34 |    73 |     8 ||   115
Block: Kite shield       |    47 |    93 |    10 ||   150
       Rpst.: Long sword |     1 |       |       ||     1

Table legend: (Time is in decaauts)
 A = Elapsed time spent in this place.
 B = Non-inter-level travel time spent in this place.
 C = Inter-level travel time spent in this place.
 D = Time resting spent in this place.
 E = Time spent auto-exploring this place.
 F = Levels seen in this place.
 G = Mean time per level.
                   A        B        C        D        E       F      G
               +--------+--------+--------+--------+--------+-----+--------+
         Total |   4486 |   4377 |    109 |    541 |   2959 |   5 |  897.2 |
       Dungeon |   4225 |   4144 |     81 |    541 |   2732 |   4 | 1056.2 |
        Temple |    260 |    232 |     28 |      0 |    227 |   1 |  260.0 |
               +--------+--------+--------+--------+--------+-----+--------+

Top non-repeatable levels by time:
     D:1: 1761 daAuts
     D:3: 948 daAuts
     D:2: 839 daAuts
     D:4: 676 daAuts
  Temple: 260 daAuts
